Map: Acid Plant LE

Players

boreau - Winner!

  • Race: Terran Terran
  • League: Platinum
  • Spawn Location: 5:00

Juxtapose

  • Race: Protoss Protoss
  • Spawn Location: 11:00

VOD

https://youtu.be/IUl42AmPRl0

Description

My first public Multiplayer game in about five months, and man am I rusty!

In this game my scouting was really lacking, and I had seen my opponent didn't open with a proper expansion, I wouldn't have expanded either. All those resources spent on Zealots or what not would have done a world of good.

Ironically, this is pretty much how I used to play against Protoss as Terran...

Time

  • Played on: July 22, 2018, 6:51 p.m.
  • Length: 7:21
Show
View Real Time Build Order
Export as new Build Order

boreau Terran - Winner!

Build Orders: Cyclone Opening 

Get SALT Encoding   

  12  0:01  SCV  
  13  0:13  SCV  
  14  0:17  Supply Depot  
  14  0:25  SCV  
  15  0:30  Refinery  
  15  0:39  SCV  
  16  0:46  Barracks  
  16  0:51  SCV  
  17  1:03  SCV  
  18  1:15  SCV  
  19  1:27  SCV  
  19  1:32  Refinery  
  20  1:35  Reaper  
  20  1:38  Supply Depot  
  21  1:42  Orbital Command  
  21  1:54  Factory  
  21  2:18  Barracks Reactor  
  21  2:25  SCV  
  21  2:29  Supply Depot  
  22  2:37  SCV  
  22  2:39  Cyclone  
  22  2:41  Barracks  
  25  3:24  Cyclone x2  
  31  3:28  Marine x2  
  33  3:38  Supply Depot  
  33  3:41  Engineering Bay  
  33  3:46  Marine x2  
  35  3:56  Cyclone  
  35  3:59  Cyclone  
  41  4:04  Marine x2  
  43  4:20  Missile Turret  
  43  4:21  Marine  
  44  4:25  Command Center  
  44  4:28  Cyclone  
  38  5:23  Cyclone x2  
  38  5:24  Marine x2  
  46  5:42  Marine x2  
  48  5:55  Cyclone x2  
  38  6:27  Cyclone  
  38  6:28  Cyclone  
  38  6:31  Barracks x3  
  38  6:32  Barracks Reactor, Barracks Tech Lab  
  44  6:38  Starport  
  44  6:44  Engineering Bay  
Show
View Real Time Build Order
Export as new Build Order

Juxtapose Protoss 

Build Orders:  

Get SALT Encoding   

  12  0:01  Probe  
  13  0:13  Probe  
  14  0:18  Pylon  
  14  0:25  Probe  
  15  0:37  Probe  
  15  0:39  Gateway  
  16  0:49  Probe  
  17  0:50  Assimilator  
  17  1:01  Probe  
  18  1:06  Pylon  
  18  1:13  Probe  
  19  1:26  Probe  
  19  1:31  Cybernetics Core  
  20  1:35  Pylon  
  20  1:38  Probe  
  21  1:43  Assimilator  
  21  1:48  Zealot  
  21  1:49  Warp Gate  
  21  1:50  Probe  
  24  2:02  Probe  
  24  2:08  Stalker, Pylon  
  25  2:14  Probe  
  27  2:26  Probe  
  27  2:29  Gateway  
  28  3:09  Robotics Facility  
  28  3:12  Nexus  
  28  3:19  Nexus  
  28  3:23  Stalker  
  30  3:35  Gateway  
  30  3:37  Pylon  
  30  3:52  Pylon  
  30  3:54  Probe  
  31  3:59  Stalker  
  33  4:06  Probe  
  34  4:11  Stalker  
  36  4:18  Probe  
  37  4:27  Stalker  
  37  4:30  Probe  
  40  4:37  Shield Battery  
  40  4:42  Probe  
  41  4:48  Stalker  
  41  4:49  Stalker  
  45  4:54  Probe  
  40  5:03  Probe  
  40  5:06  Probe, Zealot  
  42  5:12  Immortal  
  36  5:16  Zealot x2  
  39  5:34  Stalker  
  30  5:38  Stalker x2  
  25  6:04  Stalker x3  
  27  6:16  Pylon  
  25  6:25  Probe  
  26  6:27  Immortal  
  26  6:37  Probe  
  30  6:53  Stalker, Shield Battery  
Tags
 
Add a new tag
Caveats
  • Supply blocks, unpowered buildings, or Contaminate may cause inaccurate times.
  • Supply counts are checked every 10 seconds.